 Dungeon Crawl Stone Soup version 0.25.0-46-gbd7b0854d2 (webtiles) character file.

Game seed: 16150016785669915251

187 H0rd4k the Insei (level 5, -1/33 HPs)
             Began as an Octopode Transmuter on July 17, 2020.
             Slain by a gnoll
             ... wielding a +0 flail
              (11 damage)
             ... on level 3 of the Dungeon.
             The game lasted 00:06:43 (3949 turns).

H0rd4k the Insei (Octopode Transmuter)              Turns: 3949, Time: 00:06:44

Health: -1/33      AC:  1    Str:  9    XL:     5   Next: 66%
Magic:  10/10      EV: 14    Int: 16    God:
Gold:   189        SH:  0    Dex: 13    Spells: 4/10 levels left

rFire    . . .     SeeInvis .     - Unarmed
rCold    . . .     Gourm    .   (no shield)
rNeg     . . .     Faith    .   (helmet restricted)
rPois    .         Spirit   .   n - amulet of magic regeneration
rElec    .         Reflect  .   (no ring)
rCorr    .         Harm     .   (no ring)
MR       .....                  (no ring)
Stlth    +.........             (no ring)
HPRegen  0.11/turn              (no ring)
MPRegen  0.37/turn              (no ring)
                                (no ring)
                                (no ring)

@: glowing
A: almost no armour, stealthy swim, amphibious, 8 rings, constrict 8, camouflage
1, gelatinous body 1
a: no special abilities


You were on level 3 of the Dungeon.
You were not hungry.

You visited 1 branch of the dungeon, and saw 4 of its levels.

You collected 189 gold pieces.

Inventory:

Missiles
 a - 67 arrows
 f - 13 poisoned darts (quivered)
Jewellery
 n - an amulet of magic regeneration (around mantle)
Scrolls
 b - 2 scrolls of remove curse {unknown}
 e - a scroll of enchant armour {unknown}
 g - 2 scrolls of identify {unknown}
 h - a scroll of enchant weapon {unknown}
 j - a scroll of amnesia {unknown}
 k - 2 scrolls of teleportation {unknown}
 m - 2 scrolls of fear {unknown}
Potions
 d - a potion of mutation {unknown}
 i - a potion of curing {unknown}
 l - 3 potions of heal wounds {unknown}
 o - 2 potions of berserk rage {unknown}
Comestibles
 c - 7 rations
 p - 2 chunks of flesh


   Skills:
 + Level 1.2 Fighting
 + Level 2.4 Dodging
 + Level 1.9 Stealth
 + Level 4.2 Unarmed Combat
 * Level 3.4 Spellcasting
 * Level 2.7 Transmutations


You had 4 spell levels left.
You knew the following spells:

 Your Spells              Type           Power        Failure   Level  Hunger
a - Beastly Appendage     Tmut           ##....       6%          1    None
b - Sticks to Snakes      Tmut           ##......     9%          2    ##.....
c - Spider Form           Tmut/Pois      #.........   30%         3    ###....

Your spell library contained the following spells:

 Spells                   Type           Power        Failure   Level  Hunger
 Ice Form                 Ice/Tmut       #.......     71%         4    ####...
 Blade Hands              Tmut           ##........   85%         5    ######.


Dungeon Overview and Level Annotations

Branches:
Dungeon (4/15)
 Temple: D:4-7

Altars:
Xom

Annotations:
D:2 exclusion: downstairs
D:3 2 runed translucent doors, Tinttamiau's ghost, amateur DsNe


Innate Abilities, Weirdness & Mutations

You cannot wear most types of armour.
You are very stealthy in the water. (Stealth+)
You are amphibious.
You can wear up to eight rings at the same time.
You can use your tentacles to constrict eight enemies at once.
Your skin changes colour to match your surroundings (Stealth+).
Your rubbery body absorbs attacks. (AC +1, EV +1)


Message History

You climb downwards.
The gnoll hits you with a +0 flail! The ogre barely misses you.
There is a stone staircase leading up, spattered with blood here.
The gnoll shaman barely misses you. The gnoll misses you.
The gnoll closely misses you.
The gnoll hits you from afar with a +0 spear!
* * * LOW HITPOINT WARNING * * *
The gnoll misses you. The ogre completely misses you.
You climb upwards.
Level annotation: 2 runed translucent doors, Tinttamiau's ghost, amateur DsNe
There is a stone staircase leading down here.
The gnoll shaman invokes the aid of its god against you.
You resist with some effort.
The gnoll shaman calls upon its god to speed up the gnoll.
The gnoll seems to speed up.
The gnoll closely misses you.
The gnoll shaman calls down the wrath of its god upon you.
You are outlined in light.
The gnoll hits you with a +0 flail!
You die...

#.##...# #.###.# ##.##.#.#
#########.#.## ........# #.....#
##.## #####.### #.....# #.# #.#
#>....# #.########### # #.#
#.....# #........#F≈≈ # #.#
#.g...# ###.###..+≈≈r # #.##
###O##### #.# ##.#≈≈≈ ## #..#
#...g@..# #.# ###### P#####.#
#.#.###.# #.#
P..###.#####.#...#.# #.#
..........#...###..# #.#
..#.##.#.....## ##.####.#
.##.##.#..#..# #......#########
..#.##.......#####.#######..[...#
#.#.####..###.##..## #.......#.#
#.#.####..####♣♣.♣♣ #.##.##.#..


You could see an ogre, a gnoll shaman and a gnoll (fast).

Vanquished Creatures
  Natasha (thrice) (D:3)
  2 gnolls (D:3)
  3 adders
  An ooze (D:1)
  6 worms
  6 bats
  4 giant cockroaches
  5 hobgoblins
  2 jackals (D:2)
  2 quokkas
  2 frilled lizards (D:2)
  6 goblins
  4 kobolds
  7 rats
53 creatures vanquished.

Notes
Turn   | Place    | Note
-------+----------+-------------------------------------------
     0 | D:1      | H0rd4k the Octopode Transmuter began the quest for the Orb.
     0 | D:1      | Reached XP level 1. HP: 13/13 MP: 3/3
   110 | D:1      | Reached XP level 2. HP: 10/18 MP: 3/5
  1106 | D:2      | Reached XP level 3. HP: 23/23 MP: 6/6
  1771 | D:2      | Reached XP level 4. HP: 20/28 MP: 8/8
  2678 | D:3      | Found a shimmering altar of Xom.
  2896 | D:3      | Found a runed translucent door.
  2899 | D:3      | Noticed a bullfrog
  2901 | D:3      | Noticed Tinttamiau's ghost (amateur DsNe)
  3213 | D:3      | Noticed Natasha
  3219 | D:3      | Killed Natasha
  3219 | D:3      | Reached skill level 1 in Stealth
  3219 | D:3      | Reached skill level 4 in Unarmed Combat
  3227 | D:3      | Reached XP level 5. HP: 26/33 MP: 9/9
  3231 | D:3      | Learned a level 2 spell: Sticks to Snakes
  3235 | D:3      | Learned a level 3 spell: Spider Form
  3350 | D:3      | Found a runed translucent door.
  3404 | D:3      | Noticed Natasha
  3411 | D:3      | Killed Natasha
  3422 | D:3      | Noticed Natasha
  3429 | D:3      | Killed Natasha
  3448 | D:4      | Noticed an ogre
  3949 | D:3      | Slain by a gnoll

Illustrated notes

Levels and vault maps discovered:
D:1:      minmay_arrival_checkered_box, layout_loops_ring
D:2:      layout_loops_ring
D:3:      layout_loops_cross, serial_forest, infiniplex_forest_end_1,
          infiniplex_forest_lined_3, infiniplex_forest_fountain,
          infiniplex_forest_clump_cross, infiniplex_forest_end_1,
          ebering_ghost_sewer_f, brannock_xom_greatest_gift, uniq_natasha
D:4:      layout_cave_pools, serial_shops, kennysheep_mini,
          kennysheep_cross_room, st_stairs_10,
          eino_small_chamber_without_monster, uniq_purgy

Skill      XL: |  1  2  3  4 |
---------------+-------------+-----
Spellcasting   | 3 |  3.4
Stealth        | 1 |  1.9
Unarmed Combat | 4 |  4.2
Fighting       | |  1.2
Dodging        | |  2.4
Transmutations | |  2.7

Action                   |  1- 3 |  4- 6 || total
-------------------------+-------+-------++-------
Melee: Unarmed           |    88 |    53 ||   141
       Constrict         |    25 |    15 ||    40
       Kick              |     6 |     7 ||    13
       Tentacles         |    13 |    14 ||    27
       Punch             |     3 |     3 ||     6
 Cast: Beastly Appendage |     5 |     8 ||    13
  Use: Potion            |       |     4 ||     4
 Stab: Sleeping          |     4 |     4 ||     8
  Eat: Chunk             |     3 |     6 ||     9
Armor: Skin              |     4 |       ||     4
Dodge: Dodged            |    52 |    31 ||    83
